Map: 中心协议

Players

VOLT - Winner!

  • Race: Protoss Protoss
  • League: Silver

shengy

  • Race: Zerg Zerg
  • League: Gold

VOD

Have the link to the VOD?

Description

Time

  • Played on: Nov. 26, 2015, 8:39 p.m.
  • Length: 6:43
Show
View Real Time Build Order
Export as new Build Order

VOLT Protoss - Winner!

Build Orders:  

Get SALT Encoding   

  12  0:01  Probe (Chrono Boost)  
  13  0:14  Probe (Chrono Boost)  
  14  0:19  Pylon  
  14  0:25  Probe (Chrono Boost)  
  15  0:38  Probe (Chrono Boost)  
  15  0:42  Gateway  
  16  0:48  Probe (Chrono Boost)  
  17  0:53  Assimilator  
  17  0:59  Probe (Chrono Boost)  
  18  1:04  Pylon  
  18  1:09  Probe (Chrono Boost)  
  19  1:20  Probe (Chrono Boost)  
  20  1:32  Cybernetics Core  
  20  1:39  Probe (Chrono Boost)  
  21  1:49  Nexus  
  21  1:52  Probe (Chrono Boost)  
  22  2:01  Assimilator  
  22  2:02  Probe (Chrono Boost)  
  23  2:09  Pylon  
  23  2:12  Warp Gate  
  23  2:13  Probe (Chrono Boost)  
  24  2:24  Probe (Chrono Boost)  
  24  2:29  Robotics Facility  
  25  2:38  Zealot  
  27  2:46  Probe (Chrono Boost)  
  28  2:56  Probe (Chrono Boost)  
  29  3:02  Pylon  
  29  3:04  Probe (Chrono Boost)  
  30  3:07  Probe (Chrono Boost)  
  31  3:16  Warp Prism  
  31  3:18  Probe (Chrono Boost)  
  34  3:29  Mothership Core (Chrono Boost)  
  34  3:30  Pylon  
  34  3:34  Sentry  
  38  3:35  Probe (Chrono Boost)  
  39  3:46  Probe (Chrono Boost)  
  39  3:48  Gateway  
  40  3:49  Gateway  
  40  3:55  Gateway  
  40  4:06  Probe (Chrono Boost)  
  40  4:26  Gateway  
  40  4:28  Gateway, Probe x2 (Chrono Boost)  
  42  4:32  Pylon  
  42  4:34  Stalker  
  42  4:37  Pylon  
  44  4:51  Immortal  
  48  4:57  Pylon  
  48  4:59  Zealot x3  
  54  5:01  Zealot  
  56  5:25  Stalker x4  
  64  5:31  Probe x2 (Chrono Boost)  
  66  5:36  Stalker  
  66  5:37  Stalker  
  70  5:59  Zealot  
  70  6:01  Zealot x2  
  70  6:02  Zealot  
  76  6:18  Zealot x2  
  76  6:21  Probe (Chrono Boost)  
  67  6:36  Zealot x2  
  67  6:37  Zealot x2  
Show
View Real Time Build Order
Export as new Build Order

shengy Zerg 

Build Orders: 3 Hatch before Pool 

Get SALT Encoding   

  12  0:01  Drone  
  13  0:09  Drone  
  14  0:16  Overlord  
  14  0:21  Extractor  
  13  0:23  Drone  
  15  0:36  Drone x2  
  17  0:45  Drone  
  18  0:59  Drone  
  19  1:06  Drone  
  19  1:07  Hatchery  
  20  1:18  Drone  
  20  1:32  Overlord  
  20  1:33  Hatchery  
  19  1:41  Drone  
  19  1:45  Extractor  
  19  1:53  Drone, Spawning Pool  
  19  2:00  Drone  
  20  2:10  Drone  
  21  2:25  Drone  
  21  2:27  Drone  
  21  2:29  Drone  
  24  2:38  Drone  
  24  2:39  Queen  
  24  2:40  Queen  
  24  2:44  Overlord  
  29  2:47  Queen  
  31  2:54  Drone x2  
  33  3:04  Drone  
  33  3:05  Drone x3  
  37  3:08  Zergling x4  
  39  3:21  Lair  
  39  3:27  Extractor  
  38  3:32  Drone x2  
  38  3:33  Overlord  
  40  3:35  Drone, Extractor  
  40  3:36  Drone x2  
  40  3:37  Extractor  
  41  3:42  Queen  
  41  3:47  Drone  
  44  3:54  Drone x3  
  47  4:01  Roach Warren  
  46  4:08  Drone x4  
  46  4:09  Drone  
  51  4:17  Drone x2  
  53  4:26  Overlord x2  
  53  4:36  Zergling x8  
  53  4:37  Spore Crawler, Spine Crawler  
  55  4:41  Overlord  
  55  4:43  Overlord  
  55  5:01  Roach x2  
  55  5:02  Roach x5  
  55  5:04  Glial Reconstitution  
  69  5:09  Drone x2  
  69  5:10  Drone  
  72  5:18  Drone x3  
  72  5:19  Drone x2  
  77  5:25  Overseer  
  77  5:27  Overseer  
  77  5:37  Hydralisk Den, Drone x3  
  77  5:38  Overlord  
  79  5:53  Roach  
  79  5:54  Overlord  
  79  5:55  Overlord  
Tags
 
Add a new tag
Caveats
  • Supply blocks, unpowered buildings, or Contaminate may cause inaccurate times.
  • Supply counts are checked every 10 seconds.